 Dungeon Crawl Stone Soup version 0.16-a0-1167-g3157814 (webtiles) character file.

222 Kashira the Chopper (level 5, 0/29 HPs)
             Began as a Vine Stalker Berserker on Oct 9, 2014.
             Was a Priest of Trog.
             Slain by Pikel
             ... wielding a +2 whip of electrocution
              (13 damage)
             ... on level 5 of the Dungeon.
             The game lasted 00:15:04 (2374 turns).

Kashira the Chopper (Vine Stalker Berserker)        Turns: 2374, Time: 00:15:06

Health: 0/29       AC:  6    Str: 21    XL:     5   Next: 99%
Magic:  0/7        EV: 10    Int:  7    God:    Trog [***...]
Gold:   170        SH:  0    Dex: 13    Spells: 0 memorised, 4 levels left

rFire  . . .     SeeInvis .     F - +2 hand axe (freeze)
rCold  . . .     Clarity  .     B - +0 ring mail
rNeg   . . .     SustAb   .     (no shield)
rPois  .         Gourm    .     y - +0 helmet
rElec  .         Spirit   +     (no cloak)
rCorr  .         Warding  .     (no gloves)
rMut   .         Stasis   .     (no boots)
MR     ++...                    (no amulet)
Stlth  +.........               (no ring)
                                (no ring)

@: regenerating, very resistant to hostile enchantments, very unstealthy
A: fangs 2, regeneration 1, magic shield, antimagic bite, no device heal 3, rot
immunity
a: Burn Spellbooks, Berserk, Trog's Hand, Renounce Religion


You were on level 5 of the Dungeon.
You worshipped Trog.
Trog was most pleased with you.
You were not hungry.

You visited 1 branch of the dungeon, and saw 5 of its levels.

You collected 170 gold pieces.

Inventory:

Hand weapons
 C - a +1 falchion of holy wrath
 F - a +2 hand axe of freezing (weapon)
Armour
 b - a +0 animal skin
 y - a +0 helmet (worn)
 B - a +0 ring mail (worn)
Magical devices
 p - a wand of magic darts (27)
 w - a wand of cold (11)
Comestibles
 c - 4 bread rations
 f - 2 slices of pizza
 k - 2 fruits
 t - 3 beef jerkies
 z - 2 meat rations
Scrolls
 d - a scroll of enchant weapon {unknown}
 e - a scroll of enchant armour {unknown}
 g - 2 scrolls of remove curse {unknown}
 i - a scroll of random uselessness {unknown}
 n - 5 scrolls of teleportation {unknown}
 o - a scroll of fear {unknown}
 s - a scroll of magic mapping {unknown}
 u - a scroll of amnesia {unknown}
 E - 2 scrolls of identify
Potions
 h - 2 potions of flight
 j - a potion of brilliance
 l - a potion of might {unknown}
 m - 3 potions of agility
 q - 2 potions of curing
 r - a potion of heal wounds {unknown}
 v - a potion of mutation {unknown}
 x - a potion of haste {unknown}
 D - a potion of confusion {unknown}
Books
 a - a book of Dreams

   Spells                             Type                      Level
   Ensorcelled Hibernation            Hexes/Ice                    2
   Flight                             Charms/Air                   3
   Phase Shift                        Translocation                5
   Shadow Creatures                   Summoning                    5
   Mass Confusion                     Hexes                        6
   Darkness                           Hexes                        7
   Trog disapproves of the use of such an item.
 A - a book of Wizardry

   Spells                             Type                      Level
   Agony                              Necromancy                   5
   Force Lance                        Conjuration                  5
   Dispersal                          Translocation                6
   Haste                              Charms                       6
   Invisibility                       Hexes                        6
   Spellforged Servitor               Conjuration/Summoning        7
   Trog disapproves of the use of such an item.


   Skills:
 + Level 3.7 Fighting
 * Level 4.4 Axes
 + Level 1.7 Armour
 + Level 2.7 Dodging


You had 4 spell levels left.
You didn't know any spells.

Dungeon Overview and Level Annotations

Branches:
Dungeon (5/15)             Temple (0/1) D:4

Altars:
Ashenzari
Gozag
Okawaru
Qazlal
Zin

Annotations:
D:3 1 exclusion
D:5 Pikel


Innate Abilities, Weirdness & Mutations

You have extremely sharp teeth.
Your natural rate of healing is unusually fast.
When hurt, damage is shared between your health and your magic reserves.
Your bite disrupts and absorbs the magic of your enemies.
Potions and wands cannot restore your health.
You are immune to rotting.


Message History

Pikel is heavily wounded.
Pikel hits you with a glowing whip.
You barely miss Pikel. You bite Pikel, but do no damage.
Pikel is heavily wounded.
Pikel hits you but does no damage.
You are electrocuted!
Pikel hits you but does no damage.
You are electrocuted!
* * * LOW HITPOINT WARNING * * *
You are too injured to fight recklessly!
Use which ability? (? or * to list)
Okay, then.
The shadow imp falters for a moment.
There is a stone staircase leading up here.
Pikel cracks his whip.
Use which ability? (? or * to list)
Your skin crawls.
You feel resistant to hostile enchantments.
You feel slightly more hungry.
You can no longer call in reinforcements.
Pikel hits you but does no damage.
You are electrocuted!
You die...

... ### ....... # #.#
....... ...####.## .......
#.......###.......
#.......##.....
##.........## ###
##..>........##
#...###...5....K@...#
#.....#......##...###
###..####....###....##.
##..# ##.....##......
###..###...............
#####.....#...........####
#....................##
#######..##.<.........#
#..####....####..#


You could see Pikel and a shadow imp.

Vanquished Creatures
  Natasha (D:3)
  2 worker ants (D:4)
  Ijyb (D:2)
  5 adders
  2 worms (D:2)
  A giant gecko (D:1)
  3 orcs
  3 giant cockroaches
  7 goblins
  7 hobgoblins
  14 kobolds
  2 quokkas (D:4)
  13 bats
  5 giant newts
  3 jackals (D:3)
  8 rats
77 creatures vanquished.

Notes
Turn   | Place    | Note
--------------------------------------------------------------
     0 | D:1      | Kashira, the Vine Stalker Berserker, began the quest for the Orb.
     0 | D:1      | Reached XP level 1. HP: 11/11 MP: 1/1
   117 | D:1      | Reached skill level 3 in Axes
   124 | D:1      | Reached XP level 2. HP: 7/16 MP: 3/3
   433 | D:1      | Acquired Trog's second power
   461 | D:2      | Reached XP level 3. HP: 13/19 MP: 2/4
   833 | D:2      | Noticed Ijyb
   844 | D:2      | Killed Ijyb
   844 | D:2      | Reached XP level 4. HP: 20/24 MP: 5/5
  1369 | D:3      | Noticed Natasha
  1377 | D:3      | Killed Natasha
  1377 | D:3      | Reached skill level 4 in Axes
  1377 | D:3      | Reached XP level 5. HP: 25/28 MP: 7/7
  1411 | D:3      | Found a shattered altar of Ashenzari.
  1736 | D:4      | Found a staircase to the Ecumenical Temple.
  1798 | D:4      | Noticed a phantom
  1843 | D:4      | Found a glowing silver altar of Zin.
  2064 | D:4      | Found an opulent altar of Gozag.
  2096 | D:4      | Acquired Trog's third power
  2214 | D:4      | Found an iron altar of Okawaru.
  2217 | D:4      | Found a stormy altar of Qazlal.
  2265 | D:5      | Entered Level 5 of the Dungeon
  2321 | D:5      | Noticed a slave
  2323 | D:5      | Noticed Pikel
  2374 | D:5      | Slain by Pikel

Action                   |  1- 3 |  4- 6 || total
-------------------------+-------+-------++-------
Melee: Hand axe          |    89 |   175 ||   264
Invok: Berserk           |     1 |       ||     1
       Trog's Hand       |       |     1 ||     1
  Use: Scroll            |     2 |     2 ||     4
 Stab: Sleeping          |       |     1 ||     1
  Eat: Chunk             |       |     2 ||     2
       Bread ration      |       |     1 ||     1
